 Dungeon Crawl Stone Soup version 0.28.0-53-g5a82cb258f (webtiles) character file.

Game seed: 14956337152564560560

163 sanboga the Shield-Bearer (level 5, -3/33 HPs)
             Began as a Gargoyle Fighter on May 20, 2022.
             Slain by an orc
             ... wielding a +2 war axe of venom
              (11 damage)
             ... on level 2 of the Dungeon.
             The game lasted 00:03:15 (2298 turns).

sanboga the Shield-Bearer (Gargoyle Fighter)        Turns: 2298, Time: 00:03:16

Health: -3/33      AC: 12    Str: 21    XL:     5   Next: 44%
Magic:  5/5        EV:  9    Int:  9    God:
Gold:   28         SH:  4    Dex:  9    Spells: 4/4 levels left

rFire   . . .      SeeInvis .   a - +0 war axe
rCold   . . .      Faith    .   c - +0 buckler
rNeg    + . .      Spirit   .   b - +0 scale mail
rPois   ∞          Reflect  .   g - +0 helmet
rElec   +          Harm     .   (no cloak)
rCorr   .          Rampage  .   (no gloves)
Will    .....                   (no boots)
Stlth   ..........              j - amulet of the acrobat
HPRegen 0.11/turn               (no ring)
MPRegen 0.09/turn               (no ring)

@: no status effects
A: sickness immunity, AC +4, negative energy resistance 1, electricity
resistance, torment resistance 1, petrification resistance
a: no special abilities


You were on level 2 of the Dungeon.
You visited 1 branch of the dungeon, and saw 4 of its levels.

You collected 132 gold pieces.
You spent 104 gold pieces at shops.

Inventory:

Hand Weapons
 a - a +0 war axe (weapon)
Armour
 b - a +0 scale mail (worn)
 c - a +0 buckler (worn)
 g - a +0 helmet (worn)
Jewellery
 j - an amulet of the acrobat (around neck)
Scrolls
 e - 3 scrolls of teleportation
 f - a scroll of brand weapon
 h - 2 scrolls of fear {unknown}
 i - a scroll of enchant armour
Potions
 d - a potion of might
 k - a potion of lignification {unknown}


   Skills:
 + Level 4.1 Fighting
 * Level 3.3 Axes
 + Level 4.1 Armour
 + Level 4.2 Shields


You had 4 spell levels left.
You didn't know any spells.
Your spell library was empty.

Dungeon Overview and Level Annotations

Branches:
Dungeon (4/15)
 Temple: D:4-7

Altars:

Shops:
D:1 ?   D:2 [:*?


Innate Abilities, Weirdness & Mutations

You are immune to sickness and miasma.
Your stone body is resilient. (AC +4)
You are immune to poison.
You resist negative energy. (rN+)
You are resistant to electric shocks. (rElec)
You are resistant to unholy torment.
You are immune to petrification.


Message History

h - 2 scrolls labelled MYOMMU VAYLY (gained 1)
You open the door.
There is an open door here.
As you open the door, it creaks loudly!
Found a scale mail.
As you read the scroll of identify, it crumbles to dust.
f - a scroll of brand weapon
Found a stone staircase leading up.
k - a lumpy ruby potion An orc priest and 2 orcs come into view.
An orc is wielding a +2 war axe of venom.
The orc priest shouts!
The orc shouts!
You hear a shout!
An orc comes into view. It is wielding a +0 dagger.
There is a stone staircase leading up here.
The orc priest invokes the aid of Beogh against you.
Beogh smites you!
You climb upwards.
There is a stone staircase leading down here.
You start resting.
HP restored.
You climb downwards.
The orc priest mumbles some strange prayers to Beogh against you.
Beogh smites you! You block the orc's attack.
There is a stone staircase leading up here.
The orc hits you with a +2 war axe of venom.
You climb upwards.
There is a stone staircase leading down here.
You hit the orc but do no damage. The orc hits you but does no damage.
You barely miss the orc. The orc barely misses you.
You closely miss the orc.
The orc hits you with a +2 war axe of venom!
* * * LOW HITPOINT WARNING * * *
The orc hits you but does no damage.
You hit the orc.
The orc is heavily wounded.
The orc hits you but does no damage.
You hit the orc but do no damage.
The orc is heavily wounded.
The orc hits you with a +2 war axe of venom!
You die...

#............#.#....#.#
############.#.#..#.#.#
.......# #.#.#..#.#.#
....8⌠.# #.#.#..#.#.#
#####8.# #.#.#..#>#.#
#..##..# #.#.#..#.#.#
#..##.8# #.#.#..#.#.#
#...#..# #.#.#.o#.#.#
#.##...#####.#.#@.#.#.#
.............#.#..#.#.#
^∩...#########.#....#.#
..................###.#
.....##...............#
......................#
##.####.......#######.#
...#..........#....##.#
......#.#####.#.##.##.#


You could see an orc.

Vanquished Creatures
  An ogre (D:3)
  A gnoll (D:3)
  2 adders (D:2)
  A worm (D:3)
  2 dart slugs
  3 endoplasms
  4 giant cockroaches
  5 hobgoblins
  4 kobolds
  A quokka (D:2)
  4 ball pythons
  5 bats (D:1)
  3 frilled lizards
  2 goblins (D:1)
  3 rats
41 creatures vanquished.

Notes
Turn   | Place    | Note
-------+----------+-------------------------------------------
     0 | D:1      | sanboga the Gargoyle Fighter began the quest for the Orb.
     0 | D:1      | Reached XP level 1. HP: 14/14 MP: 1/1
   214 | D:1      | Reached XP level 2. HP: 19/19 MP: 2/2
   491 | D:1      | Found Cachuubb's Magic Scroll Emporium.
   517 | D:1      | Bought a scroll of identify for 28 gold pieces
   517 | D:1      | Bought a scroll of noise for 14 gold pieces
   592 | D:1      | Reached XP level 3. HP: 19/23 MP: 3/3
  1033 | D:1      | Bought a scroll of teleportation for 42 gold pieces
  1066 | D:2      | Found Tifason's Magic Scroll Boutique.
  1181 | D:2      | Found Bomeapp's Assorted Antiques.
  1278 | D:2      | Bought a scroll labelled MYOMMU VAYLY for 20 gold pieces
  1483 | D:2      | Found Xiyhu's Book Shoppe.
  1535 | D:2      | Reached XP level 4. HP: 29/29 MP: 4/4
  1714 | D:2      | Found Didiq's Armour Shop.
  1876 | D:3      | You fall into a shaft and drop 1 floor!
  1876 | D:4      | Noticed an ogre
  1879 | D:4      | Noticed an ogre
  1892 | D:3      | Killed an ogre
  1893 | D:3      | Reached XP level 5. HP: 7/33 MP: 5/5
  2298 | D:2      | Slain by an orc

Illustrated notes

Levels and vault maps discovered:
D:1:      tarquinn_simple_flora_water_a, layout_loops_cross, serial_shops,
          shop_scrolls
D:2:      layout_basic, serial_shops, nicolae_shop_behind_doors,
          nicolae_square_shop, nicolae_shop_statue_plus, shop,
          chequers_decorated_corner
D:3:      layout_basic, minmay_misc_feat_room, uniq_terence, uniq_natasha
D:4:      layout_loops_ring

Skill      XL: |  1  2  3  4 |
---------------+-------------+-----
Axes           | 2 3 |  3.3
Fighting       | 4 |  4.1
Armour         | 4 |  4.1
Shields        | 4 |  4.2

Action                   |  1- 3 |  4- 6 || total
-------------------------+-------+-------++-------
Melee: War axe           |   101 |    16 ||   117
  Use: Scroll            |     1 |     1 ||     2
       Potion            |       |     1 ||     1
Armor: Scale mail        |    58 |     9 ||    67
Dodge: Dodged            |    63 |    11 ||    74
Block: Buckler           |    21 |     5 ||    26
